cohdb
Replays
Latest Replays
All Replays
Popular Replays
Top Player Replays
Match Explorer
How It Works
Community
CoH3 Stats
Reddit
Sign in to upload your games and track your stats! →
Sign in with Steam
Match 45270800
Unlisted
Match 45270800
Overview
Messages
Build Orders
End
Construct Section Command Post
Vickers Machine Gun Team
Dingo Light Scout Car
Infantry Section
Infantry Section
Construct Platoon Command Post
Selects Heavy Armor Battlegroup
Humber Armored Car
Humber Armored Car
Selects Rigorous Vehicle Training
Selects Light Vehicle Withdraw and Refit
Infantry Section
Humber Armored Car
Light Vehicle Withdraw and Refit
Construct Company Command Post
Selects Radio Net
Selects Designate Targets
Crusader II Medium Tank
Crusader II Medium Tank
CMP 15cwt Truck
SneaKerz
gb_gbg
Quezaltemong
Vondorberg
0
0
Comments
sign in to comment!
No comments posted yet!